AoeStats
← DeMoTiX

MegaRandom

510409675Analyzed
3v3 RM · 17h ago on Sep 30, 2026· 53m 17s· 6 players
Game mode
Random Map
Map size
Normal (6 player)
Population
200
Speed
Normal
Resources
Standard
Victory
Conquest
Starting age
Dark Age
Ending age
Imperial Age
RankedLock teamsTeams togetherTeam positionsShared explorationLock speedFull tech treeHidden civsTurbo modeCheats
Victory
Defeat
🇺🇸 Burgundians · United States
881
+15
🇭🇺 Italians · Hungary
873
+15
🇩🇪 Celts · Germany
821
+17
🇧🇴 Turks · Bolivia
860
-16
🇧🇷 Khmer · Brazil
851
-16
🇫🇷 Vikings · France
842
-15
Dgo
0:41 Loom
11:47 Feudal Age
13:24 Wheelbarrow
20:23 Horse Collar
20:33 Double-Bit Axe
23:32 Castle Age
25:02 Hand Cart
27:18 Imperial Age
25:28 Heavy Plow
29:13 Bow Saw
28:29 Pikeman
28:31 Light Cavalry
29:22 Bloodlines
29:12 Husbandry
30:52 Chemistry
31:27 Crop Rotation
31:24 Double Crossbow
35:45 Capped Ram
35:58 Heavy Scorpion
37:13 Conscription
37:06 Siege Engineers
37:15 Forging
37:06 Scale Mail Armor
37:12 Scale Barding Armor
40:12 Hussar
48:01 Halberdier
52:22 Elite Ballista Elephant
DeMoTiX
12:21 Feudal Age
19:20 Castle Age
18:25 Stone Mining
18:37 Double-Bit Axe
20:58 Fletching
22:41 Wheelbarrow
22:28 Forging
22:13 Bodkin Arrow
23:20 Loom
35:09 Horse Collar
38:32 Hand Cart
40:09 Gold Mining
44:45 Imperial Age
43:37 Gold Shaft Mining
44:32 Heavy Plow
48:49 Bombard Tower
48:52 Ballistics
48:19 Elite Janissary
53:05 Padded Archer Armor
Oseille
0:36 Loom
13:39 Feudal Age
14:38 Double-Bit Axe
16:28 Gold Mining
18:07 Padded Archer Armor
17:58 Fletching
20:41 Castle Age
19:05 Scale Barding Armor
21:44 Bow Saw
27:04 Horse Collar
29:48 Stone Mining
30:34 Gold Shaft Mining
35:25 Imperial Age
34:31 Chieftains
36:46 Forging
36:37 Scale Mail Armor
36:20 Capped Ram
38:13 Iron Casting
37:21 Pikeman
38:02 Squires
40:03 Chain Mail Armor
43:09 Two-Man Saw
43:36 Plate Mail Armor
43:22 Leather Archer Armor
44:53 Elite Skirmisher
46:09 Elite Berserk
52:54 Heavy Scorpion
SoltiL
12:04 Feudal Age
14:25 Wheelbarrow
17:44 Castle Age
17:03 Stone Mining
18:48 Double-Bit Axe
22:00 Fletching
22:12 Padded Archer Armor
29:31 Hand Cart
29:32 Bow Saw
29:23 Bodkin Arrow
29:44 Leather Archer Armor
29:44 Gold Mining
29:48 Horse Collar
34:37 Squires
34:22 Arson
35:46 Ballistics
38:28 Imperial Age
35:46 Loom
35:49 Town Watch
39:42 Conscription
38:52 Elite Genoese Crossbowman
40:00 Bracer
42:21 Chemistry
48:33 Pikeman
SAURON
1:05 Loom
10:12 Feudal Age
10:18 Double-Bit Axe
10:28 Man-at-Arms
14:55 Bow Saw
14:47 Town Watch
17:44 Castle Age
15:38 Gold Mining
16:32 Fletching
20:47 Horse Collar
22:27 Heavy Plow
23:56 Wheelbarrow
24:24 Two-Man Saw
29:18 Imperial Age
26:55 Stone Mining
28:11 Gold Shaft Mining
27:59 Hand Cart
27:21 Pikeman
28:24 Cavalier
29:32 Ballistics
31:15 Chemistry
31:17 Murder Holes
30:52 Capped Ram
34:59 Scale Barding Armor
34:51 Bodkin Arrow
37:57 Chain Barding Armor
38:02 Conscription
39:57 Husbandry
41:15 Light Cavalry
49:18 Elite Skirmisher
50:53 Squires
52:59 Halberdier
53:25 Treadmill Crane
53:49 Scale Mail Armor
MMOREE
1:44 Loom
12:28 Feudal Age
14:01 Horse Collar
21:20 Castle Age
20:09 Wheelbarrow
20:15 Wheelbarrow
19:05 Man-at-Arms
19:32 Arson
20:01 Forging
19:52 Scale Mail Armor
20:49 Town Watch
24:38 Hand Cart
25:02 Iron Casting
24:42 Chain Mail Armor
24:42 Gold Mining
24:43 Stone Mining
25:21 Stronghold
26:00 Fletching
26:22 Fortified Wall
26:08 Murder Holes
26:25 Masonry
26:17 Heavy Plow
28:42 Double-Bit Axe
30:22 Bodkin Arrow
37:53 Imperial Age
36:03 Bow Saw
38:21 Gold Shaft Mining
39:28 Town Patrol
39:57 Conscription
39:07 Elite Woad Raider
42:07 Blast Furnace
44:50 Plate Mail Armor
Connection lost

Rejoining the realm…

Still unreachable

The connection could not be restored.

Session expired

The server has moved on; the page needs a fresh start.